 Dungeon Crawl Stone Soup version 0.28.0-45-g0d030f2227 (webtiles) character file.

Game seed: 13280520634041120994

121 nickcage the Vexing (level 4, -1/21 HPs)
             Began as a Spriggan Enchanter on Apr 13, 2022.
             Slain by a scorpion zombie (4 damage)
             ... on level 5 of the Dungeon.
             The game lasted 00:10:43 (4096 turns).

nickcage the Vexing (Spriggan Enchanter)            Turns: 4096, Time: 00:10:44

Health: -1/21      AC:  3    Str:  6    XL:     4   Next: 77%
Magic:  9/9        EV: 21    Int: 16    God:
Gold:   217        SH:  0    Dex: 15    Spells: 6/8 levels left

rFire   . . .      SeeInvis +   a - +1 dagger
rCold   . . .      Faith    .   (no shield)
rNeg    . . .      Spirit   .   b - +0 robe
rPois   .          Reflect  .   (helmet restricted)
rElec   .          Harm     .   j - +0 cloak
rCorr   .          Rampage  .   (gloves unavailable)
Will    .....                   (boots unavailable)
Stlth   +++.......              (no amulet)
HPRegen 0.07/turn               d - +4 ring of evasion
MPRegen 0.11/turn               (no ring)

@: very quick
A: very small, no large weapons, unfitting armour, see invisible, speed 3
a: no special abilities


You were on level 5 of the Dungeon.
You visited 1 branch of the dungeon, and saw 5 of its levels.

You collected 217 gold pieces.

Inventory:

Hand Weapons
 a - a +1 dagger (weapon)
 p - a +2 falchion of holy wrath
Missiles
 g - 12 poisoned darts
Armour
 b - a +0 robe (worn)
 j - a +0 cloak (worn)
Jewellery
 d - a +4 ring of evasion (left hand)
Scrolls
 f - 3 scrolls of teleportation {unknown}
 i - 3 scrolls of identify {unknown}
 l - a scroll of torment {unknown}
 n - a scroll of fog {unknown}
 q - a scroll of blinking {unknown}
Potions
 c - a potion of invisibility
 e - 3 potions of curing {unknown}
 h - a potion of magic {unknown}
 k - a potion of resistance {unknown}
 m - a potion of brilliance {unknown}
 o - 2 potions of haste {unknown}


   Skills:
 + Level 2.2 Short Blades
 - Level 2.6 Dodging
 - Level 4.4 Stealth
 - Level 2.6 Spellcasting
 - Level 6.0 Hexes
 - Level 1.0 Ice Magic


You had 6 spell levels left.
You knew the following spells:

 Your Spells              Type           Power      Damage    Failure   Level
a - Ensorcelled Hibernat  Hex/Ice        26%        N/A       7%          2

Your spell library contained the following spells:

 Spells                   Type           Power      Damage    Failure   Level
 Confusing Touch          Hex            21%        N/A       4%          3
 Tukima's Dance           Hex            21%        N/A       4%          3
 Dazzling Flash           Conj/Hex       22%        N/A       17%         3
 Sandblast                Erth           4%         2d4       19%         1
 Passwall                 Tmut/Erth      1%         N/A       28%         2
 Stone Arrow              Conj/Erth      4%         3d7       50%         3


Dungeon Overview and Level Annotations

Branches:
Dungeon (5/15)
 Temple: D:4-7

Altars:
Qazlal
Uskayaw
Vehumet
Xom
The Shining One

Shops:
D:3 [

Annotations:
D:3 Sigmund
D:4 2 transporters, SuperSeabass's ghost, amateur PaAK


Innate Abilities, Weirdness & Mutations

You are very small and have problems with some larger weapons.
You are too small for most types of armour.
You have supernaturally acute eyesight. (SInv)
You cover ground extremely quickly. (Speed+++)


Message History

Found a scroll labelled QEN QENIVAEFU.
Found a scroll labelled HAIJOACSUIKE.
Found a robe.
You completely miss the scorpion zombie.
The scorpion zombie completely misses you.
You hit the scorpion zombie.
The scorpion zombie is lightly damaged.
The scorpion zombie hits you.
You hit the scorpion zombie.
The scorpion zombie is lightly damaged.
The scorpion zombie hits you.
You hit the scorpion zombie but do no damage.
The scorpion zombie is lightly damaged.
The scorpion zombie barely misses you.
You hit the scorpion zombie but do no damage.
The scorpion zombie is lightly damaged.
The scorpion zombie completely misses you.
You hit the scorpion zombie but do no damage.
The scorpion zombie is lightly damaged.
The scorpion zombie misses you.
You hit the scorpion zombie but do no damage.
The scorpion zombie is lightly damaged.
The scorpion zombie completely misses you.
You barely miss the scorpion zombie.
The scorpion zombie is lightly damaged.
You hit the scorpion zombie.
The scorpion zombie is lightly damaged.
The scorpion zombie hits you!
You hit the scorpion zombie.
The scorpion zombie is moderately damaged.
The scorpion zombie hits you.
* * * LOW HITPOINT WARNING * * *
You barely miss the scorpion zombie.
The scorpion zombie is moderately damaged.
The scorpion zombie hits you.
* * * LOW HITPOINT WARNING * * *
You barely miss the scorpion zombie.
The scorpion zombie is moderately damaged.
The scorpion zombie hits you.
You die...

##.... ####.......
..........# .........#
....... # #.......#
....... ####.##.......#
....... #.[...Z.......#
....... .......@....?.#
.......
...###...##$.###.......
#.....#............
##.........<.......
#..................
#....................
..#..................
...###................
.. #................


You could see a scorpion zombie.

Vanquished Creatures
  4 adders
  2 ufetubi
  A worm (D:2)
  An adder skeleton (D:2)
  3 dart slugs
  An orc (D:4)
  7 endoplasms
  4 giant cockroaches
  4 goblins
  4 hobgoblins
  3 jackals (D:4)
  2 quokkas (D:2)
  6 ball pythons
  A bat (D:1)
  4 frilled lizards
  9 kobolds
  2 rats
58 creatures vanquished.

Notes
Turn   | Place    | Note
-------+----------+-------------------------------------------
     0 | D:1      | nickcage the Spriggan Enchanter began the quest for the
                  | Orb.
     0 | D:1      | Reached XP level 1. HP: 9/9 MP: 5/5
    89 | D:1      | Reached skill level 4 in Hexes
   325 | D:1      | Reached XP level 2. HP: 13/13 MP: 6/6
   329 | D:1      | Learned a level 2 spell: Ensorcelled Hibernation
   977 | D:2      | Reached skill level 5 in Hexes
   991 | D:2      | Reached XP level 3. HP: 14/16 MP: 4/8
  1111 | D:2      | Found a faded altar of an unknown god.
  2157 | D:3      | Reached XP level 4. HP: 21/21 MP: 6/9
  2280 | D:3      | Reached skill level 1 in Ice Magic
  2324 | D:3      | Noticed Sigmund
  2580 | D:3      | Found Peskeopp's Armour Shop.
  2625 | D:3      | Reached skill level 6 in Hexes
  3302 | D:4      | Found a transporter.
  3302 | D:4      | Noticed SuperSeabass's ghost (amateur PaAK)
  3348 | D:4      | Found a transporter.
  3738 | D:4      | Found an iron altar of Okawaru.
  3740 | D:4      | Found a stormy altar of Qazlal.
  3740 | D:4      | Found a shimmering altar of Xom.
  3742 | D:4      | Found a glowing golden altar of the Shining One.
  3742 | D:4      | Found a hide-covered altar of Uskayaw.
  3742 | D:4      | Found a radiant altar of Vehumet.
  4076 | D:5      | Entered Level 5 of the Dungeon
  4096 | D:5      | Slain by a scorpion zombie

Illustrated notes

Levels and vault maps discovered:
D:1:      sevenhm_arrival_forest_fort_small_4, layout_basic
D:2:      layout_loops_ring, chequers_ecumenical_altar_twisty
D:3:      layout_basic, serial_rivers, chequers_serial_rivers_small_3,
          chequers_serial_rivers_micro_c, chequers_serial_rivers_small_a,
          chequers_serial_rivers_large_a, serial_shops, shop, uniq_sigmund
D:4:      layout_basic, doesnt_xom_only_xom, gammafunk_ghost_mausoleum
D:5:      layout_cave_pools, mainiacjoe_overflow_chevrons

Skill      XL: |  1  2  3  4 |
---------------+-------------+-----
Hexes          | 4 5 6 |  6.0
Ice Magic      | 1 |  1.0
Short Blades   | 2 |  2.2
Dodging        | |  2.6
Stealth        | |  4.4
Spellcasting   | |  2.6

Action                   |  1- 3 |  4- 6 || total
-------------------------+-------+-------++-------
Melee: Dagger            |    65 |    68 ||   133
 Cast: Ensorcelled Hiber |    28 |    17 ||    45
 Stab: Sleeping          |    32 |    17 ||    49
Armor: Robe              |     3 |     3 ||     6
Dodge: Dodged            |    37 |   102 ||   139
